AoeStats
← Arcangelos

Arabian Desert

510361420Analyzed
1v1 RM · 2d ago on Sep 30, 2026· 42m 28s· 2 players
Game mode
Random Map
Map size
Tiny (2 player)
Population
200
Speed
Normal
Resources
Standard
Victory
Conquest
Starting age
Dark Age
Ending age
Imperial Age
RankedLock teamsTeams togetherTeam positionsShared explorationLock speedFull tech treeHidden civsTurbo modeCheats
Victory
Defeat
🇲🇽 Franks · Mexico
1211
+16
🇲🇽 Slavs · Mexico
1215
-16
RR.Gohan
7:16 Loom
9:54 Feudal Age
10:58 Double-Bit Axe
20:50 Castle Age
20:02 Fletching
20:13 Padded Archer Armor
20:19 Gold Mining
21:27 Bodkin Arrow
21:50 Bow Saw
22:33 Husbandry
24:07 Wheelbarrow
23:56 Light Cavalry
27:25 Scale Barding Armor
33:36 Ballistics
36:52 Imperial Age
33:54 Ordonnance Companies
35:19 Hand Cart
35:57 Chain Barding Armor
37:06 Stone Mining
37:52 Gold Shaft Mining
37:58 Conscription
37:57 Leather Archer Armor
38:46 Chemistry
37:19 Cranequins
39:56 Cavalier
40:46 Chivalry
42:00 Plate Barding Armor
41:35 Forging
41:42 Paladin
Arcangelos
1:54 Loom
12:15 Feudal Age
12:41 Double-Bit Axe
12:40 Horse Collar
13:38 Wheelbarrow
14:32 Town Watch
15:46 Forging
17:49 Gold Mining
21:12 Castle Age
19:23 Man-at-Arms
20:39 Scale Mail Armor
21:27 Fletching
23:20 Bow Saw
22:38 Pikeman
24:07 Squires
25:28 Chain Mail Armor
26:16 Iron Casting
25:45 Long Swordsman
28:39 Bodkin Arrow
32:28 Hand Cart
32:19 Elite Skirmisher
33:56 Ballistics
33:42 Padded Archer Armor
36:20 Leather Archer Armor
36:31 Masonry
37:22 Scale Barding Armor
39:54 Imperial Age
38:25 Stone Mining
39:11 Gold Shaft Mining
40:42 Chain Barding Armor
40:21 Murder Holes
41:05 Heavy Plow
41:54 Plate Mail Armor
40:48 Halberdier
41:32 Druzhina
41:53 Conscription
41:34 Detinets
43:01 Chemistry
Connection lost

Rejoining the realm…

Still unreachable

The connection could not be restored.

Session expired

The server has moved on; the page needs a fresh start.